 Dungeon Crawl Stone Soup version 0.30.0-29-ga12c61a403 (webtiles) character file.

Game seed: 5630764929297936589

308 Fodor the Covered (level 6, -5/55 HPs)
             Began as a Minotaur Fighter on June 20, 2023.
             Slain by an iron imp (7 damage)
             ... summoned by Eustachio
             ... on level 4 of the Dungeon.
             The game lasted 00:19:52 (3217 turns).

Fodor the Covered (Minotaur Fighter)                Turns: 3217, Time: 00:19:52

Health: -5/55      AC:  8    Str: 23    XL:     6   Next: 16%
Magic:  5/5        EV:  9    Int:  5    God:
Gold:   144        SH:  5    Dex:  9    Spells: 5/5 levels left

rFire   . . .        n - +3 short sword (freeze)
rCold   . . .        c - +1 buckler
rNeg    . . .        b - +0 scale mail
rPois   .            (helmet restricted)
rElec   .            (no cloak)
rCorr   .            t - +0 pair of gloves
SInv    .            (no boots)
Will    .....        (no amulet) Stlth
                     (no ring)
HPRegen 0.29/turn    (no ring)
MPRegen 0.09/turn

%: no passive effects
@: no status effects
A: horns 2, retaliatory headbutt
a: no special abilities


You were on level 4 of the Dungeon.
You visited 1 branch of the dungeon, and saw 4 of its levels.

You collected 144 gold pieces.

Inventory:

Hand Weapons
 a - a +0 long sword
 n - a +3 short sword of freezing (weapon)
Missiles
 m - 9 poisoned darts (quivered)
Armour
 b - a +0 scale mail (worn)
 c - a +1 buckler (worn)
 t - a +0 pair of gloves (worn)
Scrolls
 e - a scroll of immolation
 g - 3 scrolls of enchant armour
 h - a scroll of enchant weapon
 i - a scroll of teleportation {unknown}
 j - a scroll of brand weapon {unknown}
 k - a scroll of amnesia {unknown}
 l - a scroll of poison {unknown}
 p - a scroll of identify {unknown}
 r - a scroll of blinking {unknown}
 s - a scroll of fog {unknown}
Potions
 d - 4 potions of might
 f - 2 potions of flight {unknown}
 o - a potion of magic {unknown}
 q - a potion of attraction {unknown}
 u - a potion of berserk rage {unknown}
 v - a potion of ambrosia {unknown}
 x - a potion of brilliance {unknown}


   Skills:
 + Level 4.9 Fighting
 + Level 2.1(3.1) Short Blades
 + Level 3.9(4.3) Long Blades
 + Level 0.5 Throwing
 + Level 5.3 Armour
 + Level 1.0 Dodging
 + Level 1.0 Stealth
 + Level 4.3 Shields


You had 5 spell levels left.
You didn't know any spells.
Your spell library contained the following spells:

 Spells                   Type           Power      Damage    Failure   Level
 Magic Dart               Conj           0%         1d3       83%         1
 Poisonous Vapours        Pois/Air       0%         N/A       93%         2
 Searing Ray              Conj           0%         2d4       93%         2
 Mephitic Cloud           Conj/Pois/Air  0%         N/A       99%         3
 Ozocubu's Armour         Ice            0%         N/A       99%         3
 Vhi's Electric Charge    Tloc/Air       0%         N/A       99%         3
 Fulminant Prism          Conj/Hex       0%         3d5       100%        4
 Arcjolt                  Conj/Air       0%         1d10      100%        5
 Freezing Cloud           Conj/Ice/Air   0%         6-21      100%        5
 Plasma Beam              Fire/Air       0%         2x1d11    100%        6
 Ozocubu's Refrigeration  Ice            0%         4d7       100%        7


Dungeon Overview and Level Annotations

Branches:
Dungeon (4/15)
 Temple: D:4-7

Altars:
Hepliaklqana

Shops:
D:1 =[

Annotations:
D:4 Eustachio


Innate Abilities, Weirdness & Mutations

You have a pair of horns on your head.
You reflexively headbutt those who attack you in melee.


Message History

You hit something but do no damage. You block something's attack.
You barely miss something. Something hits you but does no damage.
You hit something. You freeze something. Your headbutt misses something.
You closely miss something. Something completely misses you.
You completely miss something. Your headbutt misses something.
Something hits you but does no damage.
You barely miss something.
You hear some strange, mumbled words.
You closely miss something. Something hits you.
You miss something.
You hear some strange, mumbled words.
You hit something. You freeze something. You closely miss something.
You hear some strange, mumbled words.
The white imp hits you. The white imp freezes you.
You hit something but do no damage. Something hits you.
The white imp gestures at you. The puff of frost hits you!
* * * LOW HITPOINT WARNING * * *
You miss something. Your headbutt misses something. Something hits you.
* * * LOW HITPOINT WARNING * * *
You barely miss something. Something hits you but does no damage.
You hit something. You freeze something.
The white imp lashes its tail.
Something hits you but does no damage.
You hit something but do no damage. The iron imp completely misses you.
You hear some strange, mumbled words.
You closely miss something. The white imp gestures at you.
You block the puff of frost. The iron imp barely misses you.
Unknown command.
You closely miss something. Something hits you.
* * * LOW HITPOINT WARNING * * *
The white imp gestures at you. The puff of frost hits you.
* * * LOW HITPOINT WARNING * * *
You miss something.
You hear some strange, mumbled words.
The iron imp hits you!
You die...

#...............###.##
#...............##..#
#..................##
#...5..............#
#...........).)..##
#.{J........))##
###$.5....#...#
########ยง.#####.##
.......@5.......#
........5........
......##########..
...... #.. ..... ...
..... #... .... ....


You could see 2 iron imps and a white imp (summoned).

Vanquished Creatures
  An ogre (D:3)
  2 orc wizards
  8 adders
  3 worms (D:2)
  2 dart slugs
  8 orcs
  5 ball pythons
  10 endoplasms
  A giant cockroach (D:1)
  7 goblins
  7 hobgoblins
  4 jackals (D:1)
  6 kobolds
  A quokka (D:2)
  8 bats
  3 frilled lizards
  7 rats
83 creatures vanquished.

Notes
Turn   | Place    | Note
-------+----------+-------------------------------------------
     0 | D:1      | Fodor the Minotaur Fighter began the quest for the Orb.
     0 | D:1      | Reached XP level 1. HP: 19/19 MP: 0/0
   160 | D:1      | Found Waitsumy's Antique Armour Boutique.
   202 | D:1      | Found a transporter.
   202 | D:1      | Found Vostim's Jewellery Emporium.
   265 | D:1      | Reached XP level 2. HP: 23/27 MP: 1/1
   314 | D:1      | Reached skill level 4 in Armour
   356 | D:1      | Found a transporter.
  1098 | D:1      | Reached XP level 3. HP: 32/33 MP: 2/2
  1782 | D:2      | Reached XP level 4. HP: 40/40 MP: 3/3
  1931 | D:2      | Found a faded altar of an unknown god.
  2294 | D:3      | Reached skill level 5 in Armour
  2347 | D:3      | Reached XP level 5. HP: 47/47 MP: 4/4
  2429 | D:3      | Found a hazy altar of Hepliaklqana.
  2647 | D:3      | Reached skill level 1 in Short Blades
  2670 | D:3      | Noticed an ogre
  2681 | D:3      | Killed an ogre
  2682 | D:3      | Reached skill level 1 in Dodging
  2682 | D:3      | Reached XP level 6. HP: 29/55 MP: 5/5
  3148 | D:4      | Reached skill level 1 in Stealth
  3168 | D:4      | Noticed Eustachio
  3216 | D:4      | HP: 1/55 [white imp/puff of frost[Eustachio] (5)]
  3217 | D:4      | Slain by an iron imp

Illustrated notes

Levels and vault maps discovered:
D:1:      wander_arrival_peaceful_grave, layout_basic, serial_shops,
          nicolae_shop_back_alley_shop, nicolae_shop_drivethru
D:2:      layout_basic, dreamdust_ecumenical_altar_angels_and_demons,
          minmay_shallow_snake_nest
D:3:      layout_basic, general_overflow_altar
D:4:      layout_cave_pods, yredelemnul_altar_generic, old_standard_altar,
          uniq_eustachio

Skill      XL: |  1  2  3  4  5  6 |
---------------+-------------------+-----
Shields        | 4 |  4.3
Fighting       | 4 |  4.9
Armour         | 4 5 |  5.3
Long Blades    | 3 |  3.9
Short Blades   | 1 2 |  2.1
Dodging        | 1 |  1.0
Stealth        | 1 |  1.0
Throwing       | |  0.5

Action                     |  1- 3 |  4- 6 || total
---------------------------+-------+-------++-------
  Melee: Long sword        |    76 |       ||    76
         Headbutt          |    14 |    13 ||    27
         Short sword       |     2 |   141 ||   143
  Throw: Dart              |       |     9 ||     9
    Use: Scroll            |       |     3 ||     3
         Potion            |       |     3 ||     3
 Armour: Scale mail        |    57 |    75 ||   132
  Dodge: Dodged            |    46 |    62 ||   108
  Block: Buckler           |    20 |    39 ||    59
